 Dungeon Crawl Stone Soup version 0.21.1-1-g345015f (webtiles) character file.

152565 Inarius the Gelid (level 17, -6/105 HPs)
             Began as an Octopode Ice Elementalist on June 28, 2018.
             Was a High Priest of Vehumet.
             Killed from afar by a shock serpent (19 damage)
             ... with a bolt of electricity
             ... on level 2 of the Snake Pit on June 29, 2018.
             The game lasted 02:34:09 (47243 turns).

Inarius the Gelid (Octopode Ice Elementalist)      Turns: 47243, Time: 02:34:10

Health: -6/105     AC: 15    Str:  8    XL:     17   Next: 58%
Magic:  26/41      EV: 19    Int: 24    God:    Vehumet [*****.]
Gold:   347        SH: 15    Dex: 18    Spells: 7/38 levels left

rFire    . . .     SeeInvis +   g - +0 falchion of the Sky {slice, rN+ Dex+6}
rCold    + . .     Gourm    +   Z - +5 shield {reflect}
rNeg     + . .     Faith    .   (helmet restricted)
rPois    +         Spirit   .   E - amulet of the gourmand
rElec    .         Reflect  +   o - +4 ring of protection
rCorr    .         Harm     .   h - +2 ring of protection
MR       +....                  c - +6 ring of protection
Stlth    +++++.....             x - ring of stealth
HPRegen  0.27/turn              P - ring of see invisible
MPRegen  0.27/turn              Q - ring of magical power
                                V - ring of poison resistance
                                t - ring of protection from cold

@: no status effects
A: almost no armour, stealthy swim, amphibious, 8 rings, constrict 8, antennae
1, molten scales 1, camouflage 1, gelatinous body 1
a: Renounce Religion


You were on level 2 of the Snake Pit.
You worshipped Vehumet.
Vehumet was extremely pleased with you.
You were not hungry.

You visited 6 branches of the dungeon, and saw 29 of its levels.
You also visited: Sewer.

You collected 2449 gold pieces.
You spent 2102 gold pieces at shops.

Inventory:

Hand Weapons
 g - the +0 falchion of the Sky (weapon) {slice, rN+ Dex+6}
   (You found it on level 5 of the Dungeon)

   It inflicts extra damage upon your enemies.
   It affects your dexterity (+6).
   It protects you from negative energy.
Armour
 I - the +2 hat of the Bear Spirit {Spirit, +Rage rN+ MR++}
   (You bought it in a shop on level 7 of the Dungeon)

   It protects you from negative energy.
   It affects your resistance to hostile enchantments.
   It lets you go berserk.
 Z - a +5 shield of reflection (worn)
Magical Staves
 X - an uncursed staff of energy
Jewellery
 c - a +6 ring of protection (on tentacle)
 d - an uncursed amulet of magic regeneration
 h - a +2 ring of protection (right tentacle)
 o - a +4 ring of protection (left tentacle)
 t - a ring of protection from cold (on tentacle)
 w - an uncursed amulet of regeneration
 x - a ring of stealth (on tentacle)
 E - an amulet of the gourmand (around mantle)
 P - a ring of see invisible (on tentacle)
 Q - a ring of magical power (on tentacle)
 V - a ring of poison resistance (on tentacle)
 W - an uncursed ring of protection from fire
Wands
 y - a wand of digging (27)
 A - a wand of polymorph (17)
 C - a wand of iceblast (3)
 H - a wand of random effects (22)
 J - a wand of disintegration (9)
 K - a wand of clouds (4)
 M - a wand of paralysis (16)
 T - a wand of flame (57)
Scrolls
 a - 3 scrolls of teleportation
 f - 14 scrolls of remove curse
 j - 5 scrolls of fear
 k - 2 scrolls of identify
 q - 2 scrolls of summoning
 u - 4 scrolls of blinking
 v - 2 scrolls of immolation
 L - 2 scrolls of holy word
 O - 5 scrolls of magic mapping
 R - a scroll of amnesia
 S - 2 scrolls of fog
Potions
 i - 7 potions of brilliance
 l - 4 potions of curing
 m - 3 potions of magic
 n - 5 potions of flight
 r - 3 potions of mutation
 s - 5 potions of haste
 z - a potion of ambrosia
 B - 5 potions of heal wounds
 D - a potion of invisibility
 G - 2 potions of berserk rage
 N - a potion of might
 U - a potion of agility
Books
 e - a book of the Sky

   Spells                             Type                      Level
   a - Summon Lightning Spire         Summoning/Air                4
   b - Silence                        Hexes/Air                    5
   c - Deflect Missiles               Charms/Air                   6
   d - Conjure Ball Lightning         Conjuration/Air              6
   e - Tornado                        Air                          9
 p - a book of Beasts

   Spells                             Type                      Level
   a - Summon Butterflies             Summoning                    1
   b - Call Canine Familiar           Summoning                    3
   c - Summon Ice Beast               Ice/Summoning                4
   d - Summon Mana Viper              Hexes/Summoning              5
   e - Summon Hydra                   Summoning                    7
Miscellaneous
 F - a phantom mirror
 Y - a lamp of fire
Comestibles
 b - 39 rations


   Skills:
 + Level 6.1 Fighting
 - Level 1.1 Long Blades
   Level 0.2 Axes
 + Level 9.0 Dodging
 - Level 4.4 Stealth
 + Level 8.4 Shields
 - Level 11.2 Spellcasting
 + Level 11.3 Conjurations
 + Level 4.2 Charms
 + Level 3.1 Summonings
 * Level 20.3 Ice Magic
 + Level 1.5 Air Magic
 + Level 5.9 Evocations


You had 7 spell levels left.
You knew the following spells:

 Your Spells              Type           Power        Failure   Level  Hunger
b - Ozocubu's Armour      Chrm/Ice       ######..     1%          3    None
c - Throw Icicle          Conj/Ice       ######..     1%          4    None
d - Summon Ice Beast      Ice/Summ       ######..     1%          4    None
e - Ensorcelled Hibernat  Hex/Ice        ######       1%          2    None
f - Bolt of Cold          Conj/Ice       ######....   1%          6    #####..
g - Freezing Cloud        Conj/Ice/Air   ######....   4%          6    #####..
h - Ozocubu's Refrigerat  Ice            #######...   1%          6    #####..


Dungeon Overview and Level Annotations

Branches:
Dungeon (15/15)            Temple (1/1) D:4            Lair (6/6) D:8
  Swamp (3/4) Lair:4        Snake (2/4) Lair:2        Slime (0/5) Lair:5
    Orc (2/2) D:9             Elf (0/3) Orc:2        Vaults (0/5) D:13
 Depths (0/5) D:15

Altars:
Ashenzari
Cheibriados
Dithmenos
Elyvilon
Fedhas
Gozag
Hepliaklqana
Kikubaaqudgha
Makhleb
Nemelex Xobeh
Okawaru
Qazlal
Ru
Sif Muna
Trog
Uskayaw
Vehumet
Wu Jian
Xom
Yredelemnul
Zin
Beogh
Jiyva

Shops:
D:6 %   D:7 [?   D:8 }   D:12 :   Orc:1 }[   Orc:2 }![?   Snake:2 !

Portals:
Pandemonium: Orc:2

Annotations:
D:6 Bareth's ghost, novice MiBe; Dowan; Duvessa
D:12 nicolaieve's ghost, journeyman MiBe
Lair:5 1 runed door


Innate Abilities, Weirdness & Mutations

You cannot wear most types of armour.
You are very stealthy in the water. (Stealth+)
You are amphibious.
You can wear up to eight rings at the same time.
You can use your tentacles to constrict eight enemies at once.
Your skin changes colour to match your surroundings (Stealth+).
Your rubbery body absorbs attacks. (AC +1, EV +1)
You have a pair of small antennae on your head.
You are partially covered in molten scales. (AC +2)


Message History

You feel your power returning.
The shock serpent shoots out a bolt of lightning at you!
The bolt of electricity hits you!
Casting: Throw Icicle
Confirm with . or Enter, or press ? or * to list all spells.
Aiming: Bolt of Cold
Press: ? - help, Shift-Dir - straight line, f - shock serpent
Aim: a shock serpent The bolt of cold hits the shock serpent.
The shock serpent is moderately wounded.
The shock serpent shoots out a bolt of lightning at you!
The bolt of electricity hits you!
* * * LOW HITPOINT WARNING * * *
Unknown command.
Unknown command.
As you read the scroll of fog, it crumbles to dust.
The scroll dissolves into smoke.
The shock serpent shoots out a bolt of lightning at you!
The bolt of electricity hits you!
You die...

#... #..# # ##... #. ##....
#.. #####..... #... ######
#.........
#....#####....#####...#.....
#......#..§§§##...##..###..#
#.....S)..§@§#.....#....####
#......#..§§.##..###........
.......####......#........##
....... #####..##........#
#...... #...............#
#...... #......#..##.#.##
#.#.... ......#######..#..#
#.###.. ##.####...†...###..
... #.............


You could see a shock serpent.

Vanquished Creatures
  Nikola (Swamp:3)
  Asterion (Snake:2)
  Gastronok (Lair:3)
  2 thorn hunters (Swamp:1)
  Kirke (D:15)
  Donald (Swamp:2)
  Aizul (Swamp:3)
  The ghost of Robespierre the Spear-Bearer, a journeyman HuFi of Makhleb (D:13)
  An ettin (Orc:2)
  10 hydras
  Harold (Orc:1)
  3 naga warriors
  6 anacondas (Snake:1)
  5 centaur warriors
  A catoblepas (Lair:6)
  A death knight (D:14)
  7 two-headed ogres
  4 death yaks
  3 tengu warriors (D:15)
  An ogre mage (D:15)
  6 alligators
  A shock serpent (Snake:2)
  8 orc high priests
  A soul eater (Orc:2)
  A sun demon (Orc:2)
  3 naga sharpshooters
  7 skeletal warriors
  3 naga ritualists (Snake:1)
  The ghost of emiel the Reanimator, a novice FoNe (D:10)
  3 unseen horrors
  2 shambling mangroves
  An infernal demonspawn (Orc:2)
  3 swamp dragons
  A torturous demonspawn (Orc:2)
  A phantasmal warrior (D:13)
  5 orc knights
  6 deep elf magi
  4 ugly things (D:14)
  6 orc sorcerers
  3 mana vipers (Snake:1)
  5 salamanders
  Maurice (D:8)
  4 cyclopes
  A manticore (D:13)
  4 elephants (Lair:6)
  16 black mambas
  5 naga magi
  A guardian serpent (Snake:1)
  2 rust devils (Orc:2)
  A gargoyle (D:10)
  Psyche (D:9)
  An orange demon (Orc:2)
  14 spiny frogs
  A kobold demonologist (D:14)
  A yaktaur (D:15)
  The ghost of ChungusAmongUs the Cudgeler, a novice GrFi (D:4)
  11 komodo dragons
  A hellwing (Orc:2)
  A wind drake (shapeshifter) (D:15)
  A meliai (shapeshifter) (D:13)
  5 trolls
  2 tyrant leeches
  Prince Ribbit (D:7)
  13 hornets
  2 polar bears (Lair:6)
  14 blink frogs
  5 bog bodies
  22 slime creatures
  A dream sheep (shapeshifter) (D:13)
  A blink frog (shapeshifter) (D:14)
  6 dream sheep
  9 hippogriffs
  2 wraiths
  2 shadows
  A vampire (D:15)
  15 spriggans
  A ynoxinul (Orc:2)
  4 wyverns
  7 hogs (D:15)
  49 yaks
  3 hungry ghosts
  15 vampire mosquitoes
  A steam dragon (D:11)
  3 wargs (Orc:1)
  14 nagas
  2 acid dragons
  4 insubstantial wisps (Swamp:3)
  17 swamp worms
  13 water moccasins
  12 porcupines
  31 orc warriors
  2 swamp drakes (Swamp:1)
  Purgy (Sewer)
  4 black bears
  2 ice beasts
  An eye of draining (shapeshifter) (D:13)
  3 phantoms
  2 sky beasts
  10 ogres
  4 boggarts (Lair:6)
  14 wolves (Lair:6)
  11 centaurs
  17 crocodiles
  2 necrophages
  A big kobold (D:12)
  18 bullfrogs
  Blork the orc (D:15)
  A wyvern skeleton (D:11)
  5 scorpions
  10 killer bees
  2 wights (D:12)
  2 electric eels
  7 howler monkeys
  5 crimson imps
  2 bullfrog zombies
  3 centaur zombies
  A quasit (D:9)
  A jelly (D:12)
  A bullfrog skeleton (D:5)
  2 gnoll shamans
  10 hounds
  23 orc priests
  24 orc wizards
  3 centaur skeletons
  4 iguanas
  11 worker ants
  A killer bee zombie (D:10)
  3 hound skeletons
  2 worker ant zombies
  12 adders
  11 gnolls
  A howler monkey skeleton (D:8)
  A shadow imp (D:7)
  An ooze (D:4)
  2 adder skeletons (D:4)
  4 worms
  2 dart slugs
  6 leopard geckos
  75 orcs
  9 bats
  3 giant cockroaches
  6 hobgoblins
  17 jackals
  9 kobolds
  4 quokkas
  2 ball pythons
  7 frilled lizards
  9 goblins
  5 rats
  A fungus (Lair:6)
  A plant (Lair:5)
872 creatures vanquished.

Vanquished Creatures (collateral kills)
  A hydra (Swamp:2)
  An ugly thing (D:13)
  A spiny frog (Lair:4)
  3 polar bears (Lair:6)
  A hornet (Lair:6)
  A troll (D:13)
  A blink frog (Lair:3)
  A shadow (D:13)
  A spriggan (Lair:6)
  A basilisk (Lair:4)
  A black bear (Lair:6)
  An ice beast (D:13)
  A wolf (Lair:6)
  A crocodile (Lair:3)
  3 wights (D:12)
  A wyvern simulacrum (D:15)
  A bullfrog skeleton (D:13)
21 creatures vanquished.

Vanquished Creatures (others)
  A naga sharpshooter (Snake:1)
  2 bushes (Lair:6)
  14 fungi
  9 plants
26 creatures vanquished.

Grand Total: 919 creatures vanquished

Notes
Turn   | Place    | Note
-------+----------+-------------------------------------------
     0 | D:1      | Inarius the Octopode Ice Elementalist began the quest for the Orb.
     0 | D:1      | Reached XP level 1. HP: 11/11 MP: 3/3
   386 | D:1      | Reached XP level 2. HP: 10/17 MP: 1/5
  1053 | D:1      | Reached XP level 3. HP: 15/21 MP: 0/6
  1137 | D:1      | Learned a level 3 spell: Ozocubu's Armour
  2067 | D:2      | Found a faded altar of an unknown god.
  2672 | D:3      | Reached XP level 4. HP: 18/27 MP: 4/8
  2876 | D:2      | Reached skill level 4 in Ice Magic
  3126 | D:3      | Reached XP level 5. HP: 14/32 MP: 6/9
  3628 | D:3      | HP: 1/32 [gnoll/spear (6)]
  3665 | D:3      | Learned a level 4 spell: Throw Icicle
  3933 | D:4      | Found an ornate altar of the Wu Jian Council.
  4057 | D:4      | Noticed ChungusAmongUs's ghost (novice GrFi)
  4060 | D:4      | Reached XP level 6. HP: 33/37 MP: 2/10
  4348 | D:4      | Found a staircase to the Ecumenical Temple.
  4357 | Temple   | Entered the Ecumenical Temple
  4515 | Temple   | Became a worshipper of Vehumet
  4861 | D:4      | Reached skill level 5 in Ice Magic
  5095 | D:4      | Found a shadowy altar of Dithmenos.
  5095 | D:4      | Noticed a phantom
  5177 | D:5      | Entered Level 5 of the Dungeon
  5187 | D:5      | Found a sacrificial altar of Ru.
  5288 | D:5      | Reached XP level 7. HP: 16/42 MP: 7/13
  5332 | D:5      | Got a crystal falchion
  5333 | D:5      | Identified the cursed +0 falchion of the Sky {slice, rN+ Dex+6} (You found it on level 5 of the Dungeon)
  5616 | D:5      | Reached skill level 1 in Shields
  5645 | D:5      | Reached * piety under Vehumet
  5645 | D:5      | Offered knowledge of Flame Tongue by Vehumet.
  5801 | D:5      | Reached skill level 1 in Fighting
  5854 | D:5      | Found a glowing drain.
  5863 | Sewer    | Entered a sewer
  5904 | Sewer    | Noticed Purgy
  5940 | Sewer    | Killed Purgy
  5940 | Sewer    | Reached skill level 1 in Long Blades
  6159 | D:5      | Reached skill level 1 in Charms
  6186 | D:5      | Reached XP level 8. HP: 10/49 MP: 11/14
  6186 | D:5      | Reached skill level 6 in Ice Magic
  6512 | D:6      | Noticed Dowan
  6837 | D:6      | Noticed Bareth's ghost (novice MiBe)
  6838 | D:6      | Noticed Duvessa
  6974 | D:6      | Reached skill level 1 in Evocations
  7155 | D:6      | Found Ofyidot's Food Boutique.
  7286 | D:6      | Learned a level 4 spell: Summon Ice Beast
  7619 | D:6      | Reached skill level 5 in Spellcasting
  7619 | D:6      | Reached skill level 7 in Ice Magic
  7951 | D:7      | Reached ** piety under Vehumet
  8022 | D:7      | Found Fanwua's Magic Scroll Emporium.
  8030 | D:7      | Bought 3 scrolls of identify for 66 gold pieces
  8030 | D:7      | Bought a scroll of identify for 22 gold pieces
  8030 | D:7      | Bought a scroll of identify for 22 gold pieces
  8030 | D:7      | Bought a scroll of identify for 22 gold pieces
  8072 | D:7      | Noticed Prince Ribbit
  8077 | D:7      | Noticed a hippogriff
  8096 | D:7      | Killed a hippogriff
  8096 | D:7      | Reached XP level 9. HP: 46/55 MP: 16/16
  8209 | D:7      | Offered knowledge of Magic Dart by Vehumet.
  8282 | D:7      | You fall through a shaft!
  8425 | D:8      | Noticed Maurice
  8538 | D:4      | Killed ChungusAmongUs's ghost
  8867 | D:7      | Found a shadowy altar of Dithmenos.
  8912 | D:7      | Found Meriocoe's Armour Shop.
  8980 | D:7      | Reached skill level 8 in Ice Magic
  9117 | D:7      | Reached skill level 5 in Dodging
  9273 | D:7      | Killed Prince Ribbit
  9273 | D:7      | Offered knowledge of Searing Ray by Vehumet.
  9280 | D:7      | Learned a level 2 spell: Ensorcelled Hibernation
  9497 | D:8      | Noticed a death yak
  9508 | D:8      | Noticed a death yak
  9520 | D:7      | Reached *** piety under Vehumet
  9658 | D:8      | Noticed a death yak
  9955 | D:7      | Bought a scroll of teleportation for 33 gold pieces
 10083 | D:7      | Reached XP level 10. HP: 38/63 MP: 10/19
 10532 | D:8      | Offered knowledge of Fulminant Prism by Vehumet.
 10631 | D:8      | Found Hucapluxe's Gadget Shop.
 10758 | D:8      | Reached skill level 9 in Ice Magic
 10861 | D:8      | Found a staircase to the Lair.
 10932 | D:8      | Noticed a two-headed ogre
 10957 | D:8      | Killed a two-headed ogre
 11362 | D:8      | Killed Maurice
 11569 | D:9      | Noticed a two-headed ogre
 11577 | D:9      | Killed a two-headed ogre
 11808 | D:9      | Reached skill level 10 in Ice Magic
 11811 | D:9      | Found a roughly hewn altar of Beogh.
 12138 | D:9      | Noticed Psyche
 12161 | D:9      | Killed Psyche
 12196 | D:9      | Found a staircase to the Orcish Mines.
 12281 | D:9      | Reached skill level 5 in Shields
 12314 | D:9      | Reached XP level 11. HP: 68/68 MP: 21/21
 12496 | D:9      | Found a roughly hewn altar of Beogh.
 12513 | D:9      | Reached **** piety under Vehumet
 12688 | D:10     | Entered Level 10 of the Dungeon
 12804 | D:10     | Noticed emiel's ghost (novice FoNe)
 13079 | D:10     | Offered knowledge of Fireball by Vehumet.
 13223 | D:10     | Noticed a two-headed ogre
 13238 | D:10     | Killed a two-headed ogre
 13238 | D:10     | Reached skill level 11 in Ice Magic
 13996 | D:11     | Noticed a two-headed ogre
 14004 | D:11     | Killed a two-headed ogre
 14726 | D:12     | Noticed nicolaieve's ghost (journeyman MiBe)
 14935 | D:7      | Bought the +2 hat of the Bear Spirit {Spirit, +Rage rN+ MR++} for 547 gold pieces
 14935 | D:7      | Found the +2 hat of the Bear Spirit {Spirit, +Rage rN+ MR++}
 15104 | Lair:1   | Entered Level 1 of the Lair of Beasts
 15532 | D:8      | Reached skill level 12 in Ice Magic
 16321 | Lair:1   | Reached XP level 12. HP: 75/75 MP: 22/22
 17172 | Lair:2   | Reached ***** piety under Vehumet
 17253 | Lair:2   | Found a staircase to the Snake Pit.
 17271 | Lair:2   | Offered knowledge of Bolt of Cold by Vehumet.
 17285 | Lair:2   | Reached skill level 13 in Ice Magic
 17359 | Lair:2   | Learned a level 6 spell: Bolt of Cold
 18461 | Lair:3   | Noticed Gastronok
 18583 | Lair:3   | Killed Gastronok
 19005 | Lair:3   | Reached skill level 14 in Ice Magic
 19537 | Lair:3   | Reached XP level 13. HP: 81/81 MP: 8/23
 20519 | Lair:4   | Reached skill level 5 in Conjurations
 21049 | Lair:4   | Found a staircase to the Swamp.
 21154 | Lair:4   | Reached skill level 5 in Fighting
 22829 | Lair:5   | Found a runed door.
 22830 | Lair:5   | Found a viscous altar of Jiyva.
 22835 | Lair:5   | Found a staircase to the Slime Pits.
 23440 | Lair:6   | Entered Level 6 of the Lair of Beasts
 23739 | Lair:6   | Reached skill level 15 in Ice Magic
 24885 | Lair:6   | Reached XP level 14. HP: 88/88 MP: 10/26
 25384 | Lair:6   | Offered knowledge of Conjure Ball Lightning by Vehumet.
 25856 | Lair:6   | Reached skill level 16 in Ice Magic
 26629 | Lair:6   | Reached skill level 1 in Summonings
 27446 | D:12     | Found Perch's Book Boutique.
 28730 | Orc:1    | Entered Level 1 of the Orcish Mines
 28938 | Orc:1    | Offered knowledge of Poison Arrow by Vehumet.
 29245 | Orc:1    | Found Wutuhaz's Gadget Emporium.
 29335 | Orc:1    | Noticed Harold
 29339 | Orc:1    | Killed Harold
 29354 | Orc:1    | Found Osmenar's Antique Armour Boutique.
 29665 | Orc:1    | Found a roughly hewn altar of Beogh.
 29773 | Orc:2    | Entered Level 2 of the Orcish Mines
 30621 | Orc:2    | Found Muki's Distillery.
 30623 | Orc:2    | Found Wamias's Magic Scroll Boutique.
 31274 | Orc:2    | Bought a potion of heal wounds for 85 gold pieces
 31274 | Orc:2    | Bought a potion of mutation for 136 gold pieces
 31274 | Orc:2    | Bought a potion of haste for 170 gold pieces
 31274 | Orc:2    | Bought a potion of heal wounds for 85 gold pieces
 31294 | Orc:2    | Reached skill level 5 in Evocations
 31296 | Orc:2    | Reached skill level 17 in Ice Magic
 31943 | Orc:2    | Found a staircase to the Elven Halls.
 32514 | Orc:2    | Reached XP level 15. HP: 90/92 MP: 18/27
 33095 | Orc:2    | Found Huefexug's Gadget Emporium.
 33095 | Orc:2    | Found Haxzeq's Antique Armour Shoppe.
 33096 | Orc:2    | Found a one-way gate leading to the halls of Pandemonium.
 33280 | Orc:1    | Bought a wand of disintegration (12) for 240 gold pieces
 33280 | Orc:1    | Bought a wand of disintegration (10) for 210 gold pieces
 33789 | D:13     | Found a gate to the Vaults.
 33845 | D:13     | Offered knowledge of Freezing Cloud by Vehumet.
 33853 | D:13     | Learned a level 6 spell: Freezing Cloud
 34639 | D:13     | Noticed Robespierre's ghost (journeyman HuFi)
 34642 | D:13     | Killed Robespierre's ghost
 35431 | D:10     | Killed emiel's ghost
 35554 | Orc:2    | Bought a scroll of teleportation for 30 gold pieces
 35554 | Orc:2    | Bought a scroll of identify for 20 gold pieces
 36409 | D:13     | Reached skill level 18 in Ice Magic
 38271 | D:15     | Entered Level 15 of the Dungeon
 38689 | D:15     | Reached skill level 1 in Air Magic
 38703 | D:15     | Noticed Kirke
 38729 | D:15     | Reached XP level 16. HP: 64/99 MP: 24/29
 38734 | D:15     | Killed Kirke
 39043 | D:15     | Reached ****** piety under Vehumet
 39084 | D:15     | Offered knowledge of Ozocubu's Refrigeration by Vehumet.
 39092 | D:15     | Learned a level 6 spell: Ozocubu's Refrigeration
 39244 | D:15     | Reached skill level 19 in Ice Magic
 39246 | D:15     | Reached skill level 10 in Conjurations
 39249 | D:15     | Found a staircase to the Depths.
 39398 | D:15     | Noticed Blork the orc
 39401 | D:15     | Killed Blork the orc
 39405 | D:15     | Found a deep blue altar of Sif Muna.
 39872 | Swamp:1  | Entered Level 1 of the Swamp
 39878 | Swamp:1  | Noticed a thorn hunter
 40048 | Swamp:1  | Killed a thorn hunter
 41030 | Swamp:1  | Noticed a thorn hunter
 41034 | Swamp:1  | Killed a thorn hunter
 41170 | Swamp:1  | Reached skill level 10 in Spellcasting
 41483 | Swamp:2  | Noticed Donald
 41492 | Swamp:2  | Killed Donald
 42503 | Swamp:3  | Noticed Nikola
 42685 | Swamp:3  | Noticed Aizul
 42694 | Swamp:3  | Killed Aizul
 43122 | Swamp:3  | Reached XP level 17. HP: 105/105 MP: 24/31
 43294 | Swamp:3  | Offered knowledge of Bolt of Fire by Vehumet.
 43608 | Swamp:3  | HP: 3/105 [Nikola/chain lightning (30)]
 43610 | Swamp:3  | Killed Nikola
 43832 | Snake:1  | Entered Level 1 of the Snake Pit
 45147 | Snake:1  | Reached skill level 20 in Ice Magic
 46581 | Snake:2  | Gained mutation: You are partially covered in molten scales. (AC +2) [potion of mutation]
 46581 | Snake:2  | Gained mutation: You have a pair of small antennae on your head. [potion of mutation]
 46612 | Snake:2  | Noticed Asterion
 46638 | Snake:2  | Killed Asterion
 47076 | Snake:2  | Found Wuamnouge's Distillery.
 47082 | Snake:2  | Bought a potion of mutation for 144 gold pieces
 47082 | Snake:2  | Bought a potion of heal wounds for 90 gold pieces
 47082 | Snake:2  | Bought a potion of haste for 180 gold pieces
 47243 | Snake:2  | Killed from afar by a shock serpent

Skill      XL: |  1  2  3  4  5  6  7  8  9 10 11 12 13 14 15 16 17 |
---------------+----------------------------------------------------+-----
Stealth        | 3 4 |  4.4
Ice Magic      | 4 5 7 8 10 12 14 15 17 18 19 20 | 20.3
Spellcasting   | 3 4 5 6 7 8 9 10 11 | 11.2
Dodging        | 3 4 5 6 7 8 9 |  9.0
Shields        | 1 2 4 5 6 7 8 |  8.4
Fighting       | 1 2 3 4 5 6 |  6.1
Long Blades    | 1 |  1.1
Charms         | 1 2 3 4 |  4.2
Evocations     | 2 3 4 5 |  5.9
Conjurations   | 2 4 6 8 9 10 11 | 11.3
Summonings     | 2 3 |  3.1
Air Magic      | 1 |  1.5
Axes           | |  0.2

Action                   |  1- 3 |  4- 6 |  7- 9 | 10-12 | 13-15 | 16-18 || total
-------------------------+-------+-------+-------+-------+-------+-------++-------
Melee: Unarmed           |    12 |       |       |       |       |       ||    12
       Constrict         |    20 |    27 |    53 |    51 |    51 |     8 ||   210
       Tentacles         |    10 |    13 |    74 |   105 |    99 |    18 ||   319
       Dagger            |    46 |       |       |       |       |       ||    46
       Hand axe          |    17 |   119 |       |       |       |       ||   136
       Falchion          |       |       |   237 |   367 |   258 |    64 ||   926
Throw: Throwing net      |       |       |     1 |       |       |       ||     1
 Cast: Freeze            |    27 |    26 |    39 |   109 |    39 |       ||   240
       Ozocubu's Armour  |     3 |     4 |    18 |    25 |    26 |     4 ||    80
       Throw Icicle      |       |     2 |     1 |   164 |   196 |   233 ||   596
       Ensorcelled Hiber |       |       |       |     1 |       |       ||     1
       Summon Ice Beast  |       |       |       |     3 |    42 |     6 ||    51
       Bolt of Cold      |       |       |       |       |   352 |   107 ||   459
       Freezing Cloud    |       |       |       |       |     5 |    12 ||    17
       Ozocubu's Refrige |       |       |       |       |       |    14 ||    14
Evoke: Wand              |       |     2 |    31 |    38 |    65 |    17 ||   153
  Use: Scroll            |       |     8 |     9 |     8 |    14 |     9 ||    48
       Potion            |       |     2 |     1 |     2 |     3 |     5 ||    13
 Stab: Sleeping          |     7 |     2 |     8 |     8 |     2 |       ||    27
       Paralysed         |       |       |     8 |    28 |    15 |       ||    51
       Petrified         |       |       |       |       |     7 |       ||     7
       Distracted        |       |       |       |       |     2 |       ||     2
  Eat: Chunk             |     6 |     5 |     7 |    50 |   187 |    63 ||   318
       Ration            |       |     1 |     3 |     4 |     2 |     3 ||    13
Armor: Skin              |     8 |    17 |   108 |   131 |   110 |    39 ||   413
Dodge: Dodged            |    51 |    85 |   197 |   294 |   312 |   118 ||  1057
Block: Shield            |       |     7 |   132 |   220 |   246 |   166 ||   771
       Buckler           |       |     3 |       |       |       |       ||     3
       Reflection        |       |       |       |       |       |    14 ||    14
       Rpst.: Falchion   |       |       |    54 |    75 |    74 |    22 ||   225
